 Dungeon Crawl Stone Soup version 0.25-a0-591-g2ad0d861f1 (webtiles) character file.

Game seed: 5597718905361541854, levelgen mode: deterministic

57 tilp the Chopper (level 4, -4/39 HPs)
             Began as a Hill Orc Fighter on Mar 13, 2020.
             Slain by a gnoll
             ... wielding a +0 halberd
              (11 damage)
             ... on level 2 of the Dungeon.
             The game lasted 00:01:51 (1235 turns).

tilp the Chopper (Hill Orc Fighter)                 Turns: 1235, Time: 00:01:51

Health: -4/39      AC:  6    Str: 19    XL:     4   Next: 0%
Magic:  4/4        EV:  7    Int:  8    God:
Gold:   84         SH:  9    Dex: 10    Spells: 3/3 levels left

rFire    . . .     SeeInvis .   a - +0 war axe
rCold    . . .     Gourm    .   c - +0 kite shield
rNeg     . . .     Faith    .   b - +0 scale mail
rPois    .         Spirit   .   (no helmet)
rElec    .         Reflect  .   (no cloak)
rCorr    .         Harm     .   (no gloves)
MR       .....                  (no boots)
Stlth    ..........             (no amulet)
HPRegen  0.13/turn              (no ring)
MPRegen  0.09/turn              (no ring)

@: no status effects
A: no striking features
a: no special abilities


You were on level 2 of the Dungeon.
You were not hungry.

You visited 1 branch of the dungeon, and saw 2 of its levels.

You collected 84 gold pieces.

Inventory:

Hand Weapons
 a - a +0 war axe (weapon)
Missiles
 j - 73 stones (quivered)
Armour
 b - a +0 scale mail (worn)
 c - a +0 kite shield (worn)
Scrolls
 e - a scroll of identify {unknown}
 h - a scroll of remove curse {unknown}
 i - 2 scrolls of immolation {unknown}
 l - a scroll of noise {unknown}
 o - a scroll of enchant armour {unknown}
 p - a scroll of amnesia {unknown}
Potions
 d - a potion of might
 k - a potion of brilliance {unknown}
 m - 2 potions of curing {unknown}
 n - a potion of degeneration {unknown}
 q - a potion of haste {unknown}
 r - 2 potions of ambrosia {unknown}
 s - a potion of stabbing {unknown}
Comestibles
 f - 3 rations


   Skills:
 - Level 3.6 Fighting
 + Level 5.5 Axes
 - Level 3.2 Armour
 - Level 3.2 Shields


You had 3 spell levels left.
You didn't know any spells.
Your spell library was empty.

Dungeon Overview and Level Annotations

Branches:
Dungeon (2/15)

Altars:
Vehumet


Message History

HP restored.
You climb downwards.
The gnoll hits you from afar with a +0 halberd!
There is a stone staircase leading up, spattered with blood here.
You are too injured to fight recklessly!
Unknown command.
You block the gnoll's attack. The gnoll barely misses you.
You completely miss the gnoll. The gnoll hits you but does no damage.
The gnoll barely misses you. You block the gnoll's attack.
You closely miss the gnoll. The gnoll hits you with a +0 halberd.
The gnoll hits you from afar with a +0 spear.
You barely miss the gnoll. The gnoll hits you with a +0 halberd!
* * * LOW HITPOINT WARNING * * *
The gnoll hits you from afar with a +0 spear.
* * * LOW HITPOINT WARNING * * *
The gnoll barely misses you.
You slash the gnoll!
The gnoll is heavily wounded.
The gnoll hits you but does no damage. The gnoll hits you with a +0 halberd!
You die...

.....#
.....
####
.g..
#.<#
...#
#@##
...#
#g##
#...#
#g.#
....#
##.#
....##.#
#.#
.......#
#.#
......>.
#.#
(####.##
#.# .# #
#.#


You could see 2 gnolls.

Vanquished Creatures
  2 gnolls (D:2)
  An adder (D:2)
  2 dart slugs
  3 bats (D:1)
  3 giant cockroaches
  A goblin (D:1)
  3 hobgoblins (D:1)
  A jackal (D:1)
  A frilled lizard (D:2)
  3 kobolds (D:1)
  5 rats (D:1)
25 creatures vanquished.

Notes
Turn   | Place    | Note
-------+----------+-------------------------------------------
     0 | D:1      | tilp the Hill Orc Fighter began the quest for the Orb.
     0 | D:1      | Reached XP level 1. HP: 19/19 MP: 1/1
     4 | D:1      | Reached skill level 3 in Axes
    41 | D:1      | Reached XP level 2. HP: 26/26 MP: 2/2
   169 | D:1      | Reached skill level 4 in Axes
   841 | D:2      | Reached XP level 3. HP: 30/31 MP: 3/3
   898 | D:2      | Found a radiant altar of Vehumet.
   926 | D:2      | Reached skill level 5 in Axes
   950 | D:2      | Reached XP level 4. HP: 27/39 MP: 4/4
  1235 | D:2      | Slain by a gnoll

Levels and vault maps discovered:
D:1:      lightli_arrival_chessboard, layout_basic, minmay_octomino_e4
D:2:      layout_basic, vehumet_crystals

Skill      XL: |  1  2  3 |
---------------+----------+-----
Axes           | 3 4 5 |  5.5
Fighting       | |  3.6
Armour         | |  3.2
Shields        | |  3.2

Action                   |  1- 3 |  4- 6 || total
-------------------------+-------+-------++-------
Melee: War axe           |    82 |     4 ||    86
  Eat: Chunk             |       |     1 ||     1
Armor: Scale mail        |    34 |     2 ||    36
Dodge: Dodged            |    35 |     4 ||    39
Block: Kite shield       |    40 |     3 ||    43

Table legend:
 A = Non-vault XP
 B = Vault XP
 C = Vault XP percentage of total XP
 D = Non-vault monster count
 E = Vault monster count
 F = Vault count percentage of total count
                 A         B        C        D         E       F
            +---------+---------+-------+---------+---------+-------
      Total |      77 |       5 |   6.1 |      22 |       3 |  12.0
            +---------+---------+-------+---------+---------+-------
        D:1 |      28 |       5 |  15.2 |      16 |       3 |  15.8
        D:2 |      49 |       0 |   0.0 |       6 |       0 |   0.0
            +---------+---------+-------+---------+---------+-------
